 Dungeon Crawl Stone Soup version 0.23-a0-435-g79ed067 (webtiles) character file.

1580 panicbit the Cleaver (level 8, -5/70 HPs)
             Began as a Minotaur Fighter on Nov 15, 2018.
             Was a Believer of Okawaru.
             Slain by a centaur (7 damage)
             ... on level 6 of the Dungeon.
             The game lasted 00:13:32 (4699 turns).

panicbit the Cleaver (Minotaur Fighter)             Turns: 4699, Time: 00:13:33

Health: -5/70      AC:  8    Str: 21    XL:     8   Next: 60%
Magic:  7/7        EV:  9    Int:  5    God:    Okawaru [**....]
Gold:   207        SH: 10    Dex: 12    Spells: 7/7 levels left

rFire    + . .     SeeInvis .   a - +0 war axe
rCold    . . .     Gourm    .   c - +0 shield
rNeg     . . .     Faith    .   b - +0 scale mail
rPois    .         Spirit   .   (helmet restricted)
rElec    .         Reflect  .   (no cloak)
rCorr    .         Harm     .   (no gloves)
MR       .....                  (no boots)
Stlth    ..........             (no amulet)
HPRegen  0.21/turn              w - ring of protection from fire
MPRegen  0.10/turn              E - +1 ring of protection

@: no status effects
A: retaliatory headbutt, horns 2
a: Heroism, Renounce Religion


You were on level 6 of the Dungeon.
You worshipped Okawaru.
Okawaru was pleased with you.
You were not hungry.

You visited 2 branches of the dungeon, and saw 8 of its levels.

You collected 207 gold pieces.

Inventory:

Hand Weapons
 a - a +0 war axe (weapon)
 n - a +0 mace
Armour
 b - a +0 scale mail (worn)
 c - a +0 shield (worn)
Jewellery
 w - a ring of protection from fire (left hand)
 E - a +1 ring of protection (right hand)
Wands
 r - a wand of digging (4)
 s - a wand of flame (26)
Scrolls
 e - 4 scrolls of blinking {unknown}
 h - 8 scrolls of remove curse {unknown}
 i - 6 scrolls of identify {unknown}
 k - 5 scrolls of amnesia {unknown}
 l - a scroll of fear {unknown}
 m - 5 scrolls of teleportation {unknown}
 p - a scroll of enchant weapon {unknown}
 q - a scroll of random uselessness {unknown}
 u - a scroll of magic mapping {unknown}
 x - a scroll of immolation {unknown}
 y - 2 scrolls of fog {unknown}
 A - a scroll of acquirement {unknown}
 C - a scroll of summoning {unknown}
Potions
 d - 4 potions of might
 g - a potion of flight {unknown}
 j - 2 potions of curing {unknown}
 o - a potion of berserk rage {unknown}
 t - a potion of lignification {unknown}
 v - a potion of cancellation {unknown}
 z - 2 potions of heal wounds {unknown}
 B - a potion of agility {unknown}
Comestibles
 f - 8 rations
 D - 3 chunks of flesh


   Skills:
 + Level 5.6 Fighting
 + Level 9.3 Axes
 + Level 6.5 Armour
 + Level 2.3 Dodging
 + Level 0.7 Stealth
 + Level 6.5 Shields


You had 7 spell levels left.
You didn't know any spells.
Your spell library was empty.

Dungeon Overview and Level Annotations

Branches:
Dungeon (7/15)             Temple (1/1) D:4

Altars:
Ashenzari
Cheibriados
Dithmenos
Elyvilon
Fedhas
Gozag
Hepliaklqana
Makhleb
Nemelex Xobeh
Okawaru
Qazlal
Ru
Sif Muna
Trog
Vehumet
Wu Jian
Xom
Yredelemnul
Zin
The Shining One


Innate Abilities, Weirdness & Mutations

You reflexively headbutt those who attack you in melee.
You have a pair of horns on your head.


Message History

You see here an arrow.
The centaur shoots an arrow.
The arrow hits you but does no damage.
You see here an arrow.
The centaur shoots an arrow.
You block the arrow.
The centaur shoots an arrow.
The arrow hits you but does no damage.
You see here an arrow.
The centaur shoots an arrow.
You block the arrow.
You see here an arrow.
The centaur shoots an arrow.
The arrow hits you!
* * * LOW HITPOINT WARNING * * *
There is an open door here.
You close the door.
A centaur opens the door.
The centaur shoots an arrow.
The arrow hits you.
* * * LOW HITPOINT WARNING * * *
You see here an arrow.
The centaur shoots an arrow.
You block the arrow.
You see here an arrow.
The centaur unwields a +0 shortbow.
The centaur hits you!
You die...

#.# ####### #o#
#.....# #h# #.....#
#########c# #.....#
#.......#.# #.....#
#.......#.# #....)#
#.......#(#
##.....###.......#(#
.......(......((@c.#
##########.......###
#......)# #.......#
#########


You could see a centaur.

Vanquished Creatures
  Edmund (D:6)
  Menkaure (D:5)
  A sky beast (D:5)
  2 ice beasts
  4 centaurs
  3 bullfrogs (D:6)
  2 crimson imps
  A jelly (D:5)
  2 hounds
  An orc priest (D:4)
  An orc wizard (D:6)
  An iguana (D:6)
  4 worker ants
  A worker ant zombie (D:5)
  Robin (D:3)
  7 adders
  A shadow imp (D:6)
  2 oozes
  An adder zombie (D:5)
  5 worms
  4 dart slugs
  4 leopard geckos
  7 orcs
  A ball python (D:3)
  4 giant cockroaches
  15 goblins
  10 hobgoblins
  6 jackals
  4 quokkas
  9 bats
  6 frilled lizards
  A jackal zombie (D:6)
  11 kobolds
  5 rats
129 creatures vanquished.

Notes
Turn   | Place    | Note
-------+----------+-------------------------------------------
     0 | D:1      | panicbit the Minotaur Fighter began the quest for the Orb.
     0 | D:1      | Reached XP level 1. HP: 19/19 MP: 0/0
   128 | D:1      | Reached XP level 2. HP: 27/27 MP: 1/1
   414 | D:1      | Reached skill level 3 in Axes
   414 | D:1      | Reached XP level 3. HP: 21/33 MP: 2/2
  1261 | D:2      | Reached XP level 4. HP: 40/40 MP: 3/3
  1290 | D:2      | Found a shimmering altar of Xom.
  1417 | D:3      | Reached skill level 4 in Axes
  1567 | D:3      | Found a bloodstained altar of Trog.
  1574 | D:3      | Noticed Robin
  1597 | D:3      | Killed Robin
  1597 | D:3      | Reached XP level 5. HP: 29/47 MP: 4/4
  1730 | D:3      | Found a blossoming altar of Fedhas.
  1735 | D:3      | Found a stormy altar of Qazlal.
  2130 | D:3      | Found an ornate altar of the Wu Jian Council.
  2268 | D:4      | Reached skill level 5 in Shields
  2438 | D:4      | Reached skill level 5 in Axes
  2456 | D:4      | Found a white marble altar of Elyvilon.
  2503 | D:4      | Found a staircase to the Ecumenical Temple.
  2509 | Temple   | Entered the Ecumenical Temple
  2577 | Temple   | Became a worshipper of Warmaster Okawaru
  2917 | D:5      | Entered Level 5 of the Dungeon
  2917 | D:5      | Noticed an ice beast
  2918 | D:5      | Noticed a centaur
  2926 | D:5      | HP: 2/47 [centaur/arrow (1)]
  2994 | D:4      | Killed an ice beast
  2994 | D:4      | Reached skill level 1 in Dodging
  2994 | D:4      | Reached XP level 6. HP: 14/53 MP: 5/5
  3305 | D:5      | Reached skill level 6 in Axes
  3313 | D:5      | Noticed an ice beast
  3320 | D:5      | Killed an ice beast
  3320 | D:5      | Reached * piety under Okawaru
  3320 | D:5      | Reached skill level 5 in Armour
  3320 | D:5      | Reached XP level 7. HP: 36/60 MP: 6/6
  3801 | D:5      | Noticed Menkaure
  3814 | D:5      | Killed Menkaure
  3814 | D:5      | Reached skill level 5 in Fighting
  3814 | D:5      | Reached skill level 7 in Axes
  4170 | D:6      | Reached ** piety under Okawaru
  4215 | D:6      | Reached skill level 8 in Axes
  4215 | D:6      | Reached XP level 8. HP: 65/68 MP: 7/7
  4605 | D:6      | Noticed Edmund
  4622 | D:6      | Killed Edmund
  4622 | D:6      | Reached skill level 9 in Axes
  4693 | D:6      | HP: 3/70 [centaur/arrow (7)]
  4699 | D:6      | Slain by a centaur

Vault maps used:
D:1:      erik_arrival_cave_to_civilisation, chequers_arboretum, minivault_27,
          grunt_decor_one_mirror
D:2:      tgw_xom
D:3:      grunt_temple_overflow_forces_of_nature, lemuel_coloured_pillars_altar,
          lemuel_doored_altar, uniq_robin
D:4:      elyvilon_altar_4, minmay_temple_entry_nine_rooms, first_ration
D:5:      uniq_menkaure
D:6:      uniq_edmund
D:7:      hangedman_cross_stitches, lemuel_round_altar,
          kennysheep_generic_room_12
Temple:   eino_temple_water

Skill      XL: |  1  2  3  4  5  6  7  8 |
---------------+-------------------------+-----
Armour         | 4 5 6 |  6.5
Shields        | 4 5 6 |  6.5
Fighting       | 4 5 |  5.6
Axes           | 3 4 5 6 8 9 |  9.3
Dodging        | 1 2 |  2.3
Stealth        | |  0.7

Action                   |  1- 3 |  4- 6 |  7- 9 || total
-------------------------+-------+-------+-------++-------
Melee: War axe           |   125 |   133 |   127 ||   385
       Headbutt          |    15 |    23 |    25 ||    63
  Eat: Chunk             |     1 |     7 |     1 ||     9
       Ration            |       |       |     1 ||     1
Armor: Scale mail        |    64 |    53 |    65 ||   182
Dodge: Dodged            |    45 |    33 |    44 ||   122
Block: Shield            |    77 |    89 |    78 ||   244

Table legend:
 A = Non-vault XP
 B = Vault XP
 C = Vault XP percentage of total XP
 D = Non-vault monster count
 E = Vault monster count
 F = Vault count percentage of total count
                 A         B        C        D         E       F
            +---------+---------+-------+---------+---------+-------
      Total |    1875 |     383 |  17.0 |     108 |      21 |  16.3
            +---------+---------+-------+---------+---------+-------
        D:1 |      46 |       4 |   8.0 |      25 |       2 |   7.4
        D:2 |      43 |      16 |  27.1 |      17 |       6 |  26.1
        D:3 |      78 |      35 |  31.0 |      19 |      11 |  36.7
        D:4 |     263 |       0 |   0.0 |      12 |       0 |   0.0
        D:5 |     626 |     157 |  20.1 |      15 |       1 |   6.2
        D:6 |     817 |     171 |  17.3 |      19 |       1 |   5.0
        D:7 |       2 |       0 |   0.0 |       1 |       0 |   0.0
            +---------+---------+-------+---------+---------+-------
